 Dungeon Crawl Stone Soup version 0.30-a0-439-g9e77e4d916 (webtiles) character file.

Game seed: 7067247361422034129

84 NinjaNoafa the Shooter (level 4, -9/34 (35) HPs)
             Began as a Barachi Hunter on Dec 11, 2022.
             Mangled by Crazy Yiuf
             ... wielding a +3 quarterstaff of chaos
              (11 damage)
             ... on level 2 of the Dungeon.
             The game lasted 00:03:39 (1553 turns).

NinjaNoafa the Shooter (Barachi Hunter)             Turns: 1553, Time: 00:03:40

HP:   -9/34 (35)    AC:  5    Str: 16    XL:     4   Next: 46%
MP:   4/4           EV: 13    Int: 12    God:
Gold: 119           SH:  0    Dex: 18    Spells: 3/3 levels left

rFire   + . .      SeeInvis .    a - +0 shortbow
rCold   . . .      Faith    .    (shield currently unavailable)
rNeg    . . .      Spirit   .    c - +0 leather armour
rPois   .          Reflect  .    (no helmet)
rElec   .          Harm     .    (no cloak)
rCorr   .          Rampage  .    n - +1 pair of gloves {Dex+3}
Will    .....                    (no boots)
Stlth   ++........               (no amulet)
HPRegen 0.25/turn                (no ring)
MPRegen 0.09/turn                (no ring)

@: unable to hop, hasted, lightly drained, very quick
A: amphibious, slowness 1, strong legs 1, +LOS, clever 1, fire resistance 1,
strong 1, MP-powered wands
a: Hop


You were on level 2 of the Dungeon.
You visited 1 branch of the dungeon, and saw 2 of its levels.

You collected 119 gold pieces.

Inventory:

Hand Weapons
 a - a +0 shortbow (weapon)
Missiles
 f - 32 stones
 p - a throwing net
 q - 2 silver boomerangs
Armour
 c - a +0 leather armour (worn)
 n - a +1 pair of gloves of dexterity (worn)
Scrolls
 b - a scroll of immolation
 d - a scroll of torment {unknown}
 e - 2 scrolls of identify
 h - a scroll of vulnerability {unknown}
 j - a scroll of silence {unknown}
 m - a scroll of fear {unknown}
 r - a scroll of blinking {unknown}
Potions
 g - 2 potions of mutation
 k - a potion of cancellation {unknown}
 l - a potion of attraction
 o - a potion of flight {unknown}
 s - a potion of heal wounds {unknown}


   Skills:
 + Level 3.4 Fighting
 + Level 4.4 Ranged Weapons
 + Level 2.2 Armour
 + Level 3.1 Dodging
 - Level 0.8 Stealth


You had 3 spell levels left.
You didn't know any spells.
Your spell library contained the following spells:

 Spells                   Type           Power      Damage    Failure   Level
 Gell's Gravitas          Tloc           0%         N/A       77%         3
 Ozocubu's Armour         Ice            0%         N/A       77%         3
 Teleport Other           Tloc           0%         N/A       77%         3
 Dispersal                Tloc           0%         N/A       100%        6
 Ozocubu's Refrigeration  Ice            0%         4d7       100%        7


Dungeon Overview and Level Annotations

Branches:
Dungeon (2/15)

Altars:

Shops:
D:1 !

Annotations:
D:2 Crazy Yiuf


Innate Abilities, Weirdness & Mutations

You are amphibious.
You cover ground slowly.
You can hop short distances.
You have an extended range of vision and can be seen from far away.
Your mind is acute. (Int +4, Str/Dex -1)
Your flesh is heat resistant. (rF+)
Your muscles are strong. (Str +4, Int/Dex -1)
You expend magic power (3 MP) to strengthen your wands.


Message History

Crazy Yiuf is heavily wounded.
Crazy Yiuf hits you with a +3 quarterstaff of chaos.
Crazy Yiuf hits you with a +3 quarterstaff of chaos!
Crazy Yiuf burns you. Crazy Yiuf attacks as you move away!
Crazy Yiuf closely misses you.
Crazy Yiuf says, "Paint!"
It was a potion of mutation.
You feel extremely strange.
You feel resistant to heat.
You feel your magical essence link to the dungeon's wands.
You feel stronger.
You feel clever. Crazy Yiuf closely misses you.
Unknown command.
Unknown command.
Okay, then.
Unknown command.
As you read the scroll labelled ZAISTI DAESK, it crumbles to dust.
It is a scroll of identify.
l - a potion of attraction Crazy Yiuf hits you with a +3 quarterstaff of chaos.
You feel drained. Crazy Yiuf attacks as you move away!
Crazy Yiuf barely misses you. Crazy Yiuf attacks as you move away!
Crazy Yiuf closely misses you.
Fire: a) +0 shortbow
Press: ? - help, Q - select action, (/) - cycle Shift-Dir - straight line, f - Crazy Yiuf
Aim: Crazy Yiuf, wielding a +3 quarterstaff of chaos and wearing a +0 cloak (heavily wounded, 68% to hit)
You shoot an arrow. The arrow barely misses Crazy Yiuf.
The arrow hits the fungus.
The fungus begins to die.
The fungus is lightly damaged.
Crazy Yiuf hits you with a +3 quarterstaff of chaos!
* * * LOW HITPOINT WARNING * * *
Crazy Yiuf freezes you.
* * * LOW HITPOINT WARNING * * *
Crazy Yiuf misses you.
Unknown command.
Okay, then.
It was a potion of haste.
You feel yourself speed up.
A nearby fungus withers and dies.
Crazy Yiuf hits you with a +3 quarterstaff of chaos!
You die...

#..##########.# #..# #.#
#..# #.#
#..##########.####
#.................
#..####...........
♣♣♣♣♣####..# #.#####.###.
### ♣♣♣.♣.P..##..# #.# #.#
#. #...#♣..♣..P...g@.#
#.### #.# #.
#...'g♣♣♣♣......#.# #...#
#.###. #)..#♣♣
♣♣....##.####.#.###.##..
###
♣♣#####....∩..∩..8..8..
#.##.............
####.###............
#######....###∩..∩..8..∩..
#......#####..............
#.####.# ##.#......).....


You could see Crazy Yiuf.

Vanquished Creatures
  3 adders (D:2)
  2 worms (D:2)
  6 endoplasms
  A giant cockroach (D:1)
  4 goblins
  6 hobgoblins
  A jackal (D:1)
  6 kobolds
  5 quokkas
  3 ball pythons (D:2)
  A bat (D:1)
  3 frilled lizards
  9 rats
50 creatures vanquished.

Vanquished Creatures (others)
  A fungus (D:2)
1 creature vanquished.

Grand Total: 51 creatures vanquished

Notes
Turn   | Place    | Note
-------+----------+-------------------------------------------
     0 | D:1      | NinjaNoafa the Barachi Hunter began the quest for the Orb.
     0 | D:1      | Reached XP level 1. HP: 17/17 MP: 1/1
   124 | D:1      | Reached XP level 2. HP: 23/23 MP: 2/2
   189 | D:1      | Reached skill level 1 in Armour
   462 | D:1      | Reached XP level 3. HP: 28/28 MP: 3/3
   541 | D:1      | Found Pohu's Distillery.
   876 | D:2      | Found a faded altar of an unknown god.
   960 | D:2      | Found a runed translucent door.
   961 | D:2      | Noticed Crazy Yiuf
  1199 | D:2      | Reached XP level 4. HP: 35/35 MP: 4/4
  1546 | D:2      | Gained mutation: Your flesh is heat resistant. (rF+)
                  | [potion of mutation]
  1546 | D:2      | Gained mutation: You expend magic power (3 MP) to
                  | strengthen your wands. [potion of mutation]
  1546 | D:2      | Gained mutation: Your muscles are strong. (Str +4, Int/Dex
                  | -1) [potion of mutation]
  1546 | D:2      | Gained mutation: Your mind is acute. (Int +4, Str/Dex -1)
                  | [potion of mutation]
  1551 | D:2      | HP: 1/34 [Crazy Yiuf/+3 quarterstaff of chaos (2)]
  1553 | D:2      | Mangled by Crazy Yiuf

Illustrated notes

Levels and vault maps discovered:
D:1:      lemuel_arrival_room, layout_loops_ring, serial_shops,
          nicolae_lakefront_shop, chequers_mini_garden, minmay_tromino_v2
D:2:      layout_loops_ring, hellmonk_ecumenical_altar_arch_garden,
          nrook_campfire, grunt_ministairs_8, chequers_serial_rivers_micro_d,
          minmay_tiny_reverse_x, uniq_crazy_yiuf_cottage

Skill      XL: |  1  2  3 |
---------------+----------+-----
Armour         | 1 2 |  2.2
Fighting       | 3 |  3.4
Dodging        | 3 |  3.1
Ranged Weapons | |  4.4
Stealth        | |  0.8

Action                   |  1- 3 |  4- 6 || total
-------------------------+-------+-------++-------
 Fire: Shortbow          |    95 |    25 ||   120
 Abil: Hop               |     3 |     1 ||     4
  Use: Potion            |       |     2 ||     2
       Scroll            |       |     1 ||     1
Armor: Leather armour    |    13 |     2 ||    15
Dodge: Dodged            |    39 |     7 ||    46

Table legend: (Time is in decaauts)
 A = Elapsed time spent in this place.
 B = Non-inter-level travel time spent in this place.
 C = Inter-level travel time spent in this place.
 D = Time resting spent in this place.
 E = Time spent auto-exploring this place.
 F = Levels seen in this place.
 G = Mean time per level.
                   A        B        C        D        E       F      G
               +--------+--------+--------+--------+--------+-----+--------+
         Total |   1855 |   1811 |     44 |      0 |   1505 |   2 |  927.5 |
       Dungeon |   1855 |   1811 |     44 |      0 |   1505 |   2 |  927.5 |
               +--------+--------+--------+--------+--------+-----+--------+

Top non-repeatable levels by time:
     D:2: 995 daAuts
     D:1: 860 daAuts
